 Dungeon Crawl Stone Soup version 0.20.1-1-g8b1a95d (webtiles) character file.

157 homeworkjunkie the Chopper (level 5, -3/47 HPs)
             Began as a Hill Orc Fighter on Dec 18, 2017.
             Killed by divine providence
             ... invoked by an orc priest
              (12 damage)
             ... on level 3 of the Dungeon.
             The game lasted 00:02:23 (1263 turns).

homeworkjunkie the Chopper (Hill Orc Fighter)       Turns: 1263, Time: 00:02:24

Health: -3/47      AC:  9    Str: 19 (20) XL:     5   Next: 38%
Magic:  5/5        EV:  7    Int:  7 (8)  God:
Gold:   89         SH:  9    Dex:  8 (10) Spells: 4/4 levels left

rFire    . . .     SeeInvis .   a - +0 war axe
rCold    . . .     Gourm    .   c - +0 shield
rNeg     . . .     Faith    .   b - +0 scale mail
rPois    .         Spirit   .   d - +1 helmet
rElec    .         Reflect  .   (no cloak)
rCorr    .         Harm     .   (no gloves)
MR       .....                  (no boots)
Stlth    ..........             (no amulet)
Regen    0.2/turn               (no ring)
MPRegen  0.1/turn               (no ring)

@: no status effects
A: no striking features
a: Convert to Beogh


You were on level 3 of the Dungeon.
You were not hungry.

You visited 1 branch of the dungeon, and saw 3 of its levels.

You collected 89 gold pieces.

Inventory:

Hand Weapons
 a - a +0 war axe (weapon)
Armour
 b - a +0 scale mail (worn)
 c - a +0 shield (worn)
 d - a +1 helmet (worn)
Jewellery
 o - an uncursed ring of see invisible {unknown}
Scrolls
 e - a scroll of teleportation
 h - a scroll of remove curse {unknown}
 j - 2 scrolls of identify {unknown}
 k - a scroll of enchant weapon {unknown}
 m - a scroll of enchant armour {unknown}
Potions
 i - 2 potions of agility {unknown}
 p - a potion of degeneration
Comestibles
 f - 2 bread rations
 g - a meat ration
 l - a royal jelly


   Skills:
 * Level 4.5 Fighting
 * Level 4.6 Axes
 * Level 4.1 Armour
 + Level 0.4 Dodging
 * Level 4.2 Shields


You had 4 spell levels left.
You didn't know any spells.

Dungeon Overview and Level Annotations

Branches:
Dungeon (3/15)

Altars:
Nemelex Xobeh

Annotations:
D:3 homeworkjunkie's ghost, amateur HOFi


Message History

* * * LOW HITPOINT WARNING * * *
You slash the orc!
You kill the orc!
The orc priest barely misses you.
The orc priest shouts, "Surrender to Beogh and we'll let you live!"
You hit the orc priest.
You kill the orc priest!
Your Armour skill increases to level 4!
The orc priest hits you.
* * * LOW HITPOINT WARNING * * *
It was a potion of degeneration.
There was something very wrong with that liquid.
You feel weakened.
You feel dopey.
You feel clumsy. You block the orc priest's attack.
The orc priest shouts, "Surrender to Beogh and we'll let you live!"
You hit the orc priest.
The orc priest is heavily wounded.
The orc priest invokes the aid of Beogh against you.
Beogh smites you!
You die...

########### ..........#
..........##############.###
................@o........>.
..........##########.###.##
..........# #)# ..........#
#.o ########### #..# # #..#
# #..# # #..# # ### #..#


You could see an orc priest.

Vanquished Creatures
  An orc priest (D:3)
  Jessica (D:3)
  Terence (D:2)
  Robin (D:2)
  2 worms
  A dart slug (D:1)
  2 leopard geckos
  7 orcs (D:3)
  A giant cockroach (D:2)
  7 hobgoblins
  4 jackals (D:1)
  A kobold (D:1)
  2 quokkas (D:2)
  4 bats
  2 frilled lizards
  9 goblins
  4 rats
50 creatures vanquished.

Notes
Turn   | Place    | Note
-------+----------+-------------------------------------------
     0 | D:1      | homeworkjunkie the Hill Orc Fighter began the quest for the Orb.
     0 | D:1      | Reached XP level 1. HP: 19/19 MP: 1/1
   140 | D:1      | Reached XP level 2. HP: 25/27 MP: 2/2
   333 | D:2      | Noticed Terence
   336 | D:2      | Noticed Robin
   348 | D:2      | Killed Terence
   348 | D:2      | Reached XP level 3. HP: 7/33 MP: 3/3
   372 | D:2      | Reached XP level 4. HP: 9/40 MP: 4/4
   379 | D:2      | Killed Robin
   691 | D:3      | Noticed homeworkjunkie's ghost (amateur HOFi)
   979 | D:1      | Found a sparkling altar of Nemelex Xobeh.
  1102 | D:3      | Noticed Jessica
  1114 | D:3      | Killed Jessica
  1114 | D:3      | Reached XP level 5. HP: 34/47 MP: 5/5
  1263 | D:3      | Killed from afar by an orc priest

Skill      XL: |  1  2  3  4  5 |
---------------+----------------+-----
Fighting       | 4 |  4.5
Axes           | 3 4 |  4.6
Shields        | 4 |  4.2
Armour         | 4 |  4.1
Dodging        | |  0.4

Action                   |  1- 3 |  4- 6 || total
-------------------------+-------+-------++-------
Melee: War axe           |    63 |    65 ||   128
  Use: Potion            |     1 |     4 ||     5
       Scroll            |       |     3 ||     3
  Eat: Fruit             |       |     3 ||     3
Armor: Scale mail        |    32 |    51 ||    83
Dodge: Dodged            |    17 |    23 ||    40
Block: Shield            |    38 |    47 ||    85
